 Dungeon Crawl Stone Soup version 0.23-a0-703-gdf2d5e0 (webtiles) character file.

38 TheGoonsmith the Grave Robber (level 3, -2/31 HPs)
             Began as a Deep Dwarf Necromancer on Jan 14, 2019.
             Killed by divine providence
             ... invoked by an orc priest
              (11 damage)
             ... on level 2 of the Dungeon.
             The game lasted 00:02:40 (1416 turns).

TheGoonsmith the Grave Robber (DDNe)                Turns: 1416, Time: 00:02:40

Health: -2/31      AC:  2    Str: 11    XL:     3   Next: 25%
Magic:  0/6        EV: 12    Int: 16    God:
Gold:   63         SH:  3    Dex: 13    Spells: 5/6 levels left

rFire    . . .     SeeInvis .   d - +0 hand axe
rCold    . . .     Gourm    .   b - +0 buckler
rNeg     . . .     Faith    .   a - +0 robe
rPois    .         Spirit   .   (no helmet)
rElec    .         Reflect  .   (no cloak)
rCorr    .         Harm     .   (no gloves)
MR       .....                  (no boots)
Stlth    ++........             (no amulet)
HPRegen  0.00/turn              (no ring)
MPRegen  0.10/turn              (no ring)

@: very slightly contaminated, non-regenerating
A: damage resistance, heal wounds, sense surroundings 1, no regeneration
a: Heal Wounds


You were on level 2 of the Dungeon.
You were not hungry.

You visited 1 branch of the dungeon, and saw 2 of its levels.

You collected 63 gold pieces.

Inventory:

Hand Weapons
 d - a +0 hand axe (weapon)
Armour
 a - a +0 robe (worn)
 b - a +0 buckler (worn)
Scrolls
 e - a scroll of blinking {unknown}
 f - 2 scrolls of fog {unknown}
 g - a scroll of magic mapping {unknown}
 h - a scroll of random uselessness {unknown}
 i - 2 scrolls of remove curse {unknown}
 j - a scroll of teleportation {unknown}
Comestibles
 c - 3 rations


   Skills:
 + Level 1.1 Fighting
 + Level 2.7 Dodging
 - Level 2.4 Stealth
 + Level 2.2 Spellcasting
 + Level 4.7 Necromancy


You had 5 spell levels left.
You knew the following spells:

 Your Spells              Type           Power        Failure   Level  Hunger
a - Pain                  Necr           ###.         4%          1    #......

Your spell library contained the following spells:

 Spells                   Type           Power        Failure   Level  Hunger
 Animate Skeleton         Necr           N/A          4%          1    #......
 Vampiric Draining        Necr           ###.......   14%         3    ###....
 Animate Dead             Necr           N/A          43%         4    #####..
 Regeneration             Chrm/Necr      Unusable     N/A         3    N/A

Dungeon Overview and Level Annotations

Branches:
Dungeon (2/15)

Altars:


Innate Abilities, Weirdness & Mutations

You are resistant to damage.
You can heal yourself by infusing magical energy.
You passively map a small area around you.
You do not regenerate.


Message History

You hit the orc priest.
The orc priest is heavily wounded.
The orc priest hits you but does no damage.
An orc comes into view. It is wielding a +0 club.
You closely miss the orc.
The orc priest calls down the wrath of Beogh upon you.
Beogh smites you!
The orc shouts!
You hit the orc but do no damage. The orc hits you with a +0 flail!
* * * LOW HITPOINT WARNING * * *
The orc misses you.
Casting: Pain (safe; 4% risk of failure)
Confirm with . or Enter, or press ? or * to list all spells.
You don't have enough magic to cast that spell.
You hit the orc but do no damage. You hit the orc priest.
The orc priest begins to cast a cantrip, but forgets the words!
The orc closely misses you.
The orc priest calls down the wrath of Beogh upon you.
Beogh smites you!
You die...

#.# #.######.###.###
######.#######
#...............
.............#
########........
(#####.#####.#
####.###. , #.# #.#
#.# #. #.# #.#
####.###. **#.#* #.#
#........ * ... *
#.############.#####..
....###.##o@.......*
#.. ,
........o)o#######.
#.. ,....####.###, , ,
#.. .. , #.# , ,**
*#.. , #g# ** , .... ,
#?......... *, .###. ,
#.o...g!... ...###. *,
#.o.###.### *. ..... *
#...# # .####


You could see an orc priest and 2 orcs.

Vanquished Creatures
  An adder (D:2)
  A dart slug (D:1)
  2 leopard geckos
  An orc (D:2)
  A bat (D:1)
  2 giant cockroaches
  4 goblins
  A hobgoblin (D:1)
  3 kobolds (D:1)
  2 frilled lizards
  6 rats
24 creatures vanquished.

Notes
Turn   | Place    | Note
-------+----------+-------------------------------------------
     0 | D:1      | TheGoonsmith the Deep Dwarf Necromancer began the quest for
                  | the Orb.
     0 | D:1      | Reached XP level 1. HP: 15/15 MP: 3/3
   440 | D:1      | Reached XP level 2. HP: 24/24 MP: 3/5
  1130 | D:2      | Reached skill level 1 in Fighting
  1242 | D:2      | Reached XP level 3. HP: 31/31 MP: 1/6
  1416 | D:2      | Killed from afar by an orc priest

Vault maps used:
D:1:      nzn_arrival_crosshair, minmay_misc_feat_x
D:2:      nicolae_overflow_hidden_temple

Skill      XL: |  1  2 |
---------------+-------+-----
Spellcasting   | 2 |  2.2
Fighting       | 1 |  1.1
Dodging        | |  2.7
Stealth        | |  2.4
Necromancy     | |  4.7

Action                   || total
-------------------------++-------
Melee: Unarmed           ||    13
       Hand axe          ||     5
 Cast: Pain              ||    44
  Eat: Chunk             ||     2
Armor: Robe              ||     2
Dodge: Dodged            ||    10
Block: Buckler           ||     3

Table legend:
 A = Non-vault XP
 B = Vault XP
 C = Vault XP percentage of total XP
 D = Non-vault monster count
 E = Vault monster count
 F = Vault count percentage of total count
                 A         B        C        D         E       F
            +---------+---------+-------+---------+---------+-------
      Total |      55 |       0 |   0.0 |      24 |       0 |   0.0
            +---------+---------+-------+---------+---------+-------
        D:1 |      26 |       0 |   0.0 |      15 |       0 |   0.0
        D:2 |      29 |       0 |   0.0 |       9 |       0 |   0.0
            +---------+---------+-------+---------+---------+-------
